 Dungeon Crawl Stone Soup version 0.30-a0-852-g08b95dd62f (webtiles) character file.

Game seed: 13527860454814020914

141217 cheesebisquit the Earth Mage (level 17, -7/90 HPs)
             Began as a Gargoyle Earth Elementalist on Mar 4, 2023.
             Was the Champion of Hepliaklqana.
             Mangled by a moth of wrath (8 damage)
             ... on level 3 of the Spider Nest.
             The game lasted 02:56:58 (43413 turns).

cheesebisquit the Earth Mage (GrEE)                Turns: 43413, Time: 02:56:59

Health: -7/90      AC: 40    Str: 14      XL:     17   Next: 32%
Magic:  1/32       EV: 12    Int: 20 (22) God:    Hepliaklqana [******]
Gold:   357        SH: 12    Dex: 10      Spells: 4/39 levels left

rFire   + . .      SeeInvis +    u - staff of earth
rCold   . . .      Faith    .    h - +2 buckler {AC+3}
rNeg    + . .      Spirit   .    V - +1 ring mail {rPois}
rPois   ∞          Reflect  +    D - +2 hat {Stlth+}
rElec   +          Rampage  .    P - +2 cloak {rPois}
rCorr   +                        J - +1 pair of gloves
Will    +....                    W - +3 pair of boots "Ekhlytoc" {rF+ rCorr}
Stlth   +++                      t - amulet of reflection
HPRegen 0.35/turn                H - ring of see invisible
MPRegen 0.23/turn                z - +4 ring of protection

@: flying, hasted and slowed, studying 2 skills
A: reduced essence, sickness immunity, AC +12, big wings, negative energy
resistance 1, electricity resistance, torment resistance 1, petrification
resistance
a: Renounce Religion, Recall Ancestor, Ancestor Identity, Transference, Idealise


You were on level 3 of the Spider Nest.
You worshipped Hepliaklqana.
Hepliaklqana was exalted by your worship.
You visited 5 branches of the dungeon, and saw 26 of its levels.
You visited the Abyss 1 time.
You also visited: Sewer, Gauntlet and Volcano.

You collected 2343 gold pieces.
You spent 1986 gold pieces at shops.

Inventory:

Hand Weapons
 j - a +3 mace of protection
 k - a +0 flail of distortion
 K - a +9 morningstar
Missiles
 l - 60 poisoned darts
 C - 6 curare-tipped darts
 N - 2 boomerangs of dispersal
 U - 5 atropa-tipped darts
Armour
 b - the +2 pair of boots of Huonoir {Drain rElec rC- Will++}
   (You found it in a Gauntlet)

   rC:        It makes you vulnerable to cold.
   rElec:     It insulates you from electricity.
   Drain:     It drains your maximum health when unequipped.
   Will:      It greatly increases your willpower.
 h - a +2 buckler of protection (worn)
 D - a +2 hat of stealth (worn)
 J - a +1 pair of gloves (worn)
 P - a +2 cloak of poison resistance (worn)
 V - a +1 ring mail of poison resistance (worn)
 W - the +3 pair of boots "Ekhlytoc" (worn) {rF+ rCorr}
   (You found it on level 9 of the Dungeon)

   rF:        It protects you from fire.
   rCorr:     It protects you from acid and corrosion.
Magical Staves
 u - a staff of earth (weapon)
Jewellery
 t - an amulet of reflection (around neck)
 z - a +4 ring of protection (right hand)
 H - a ring of see invisible (left hand)
Wands
 v - a wand of charming (38)
 x - a wand of roots (42)
 G - a wand of digging (5)
 I - a wand of polymorph (14)
 S - a wand of flame (52)
 T - a wand of mindburst (10)
 Y - a wand of light (14)
Scrolls
 d - 7 scrolls of fear
 f - 2 scrolls of fog
 i - 2 scrolls of poison
 o - a scroll of butterflies
 p - 3 scrolls of vulnerability
 q - 11 scrolls of teleportation
 F - a scroll of magic mapping
 L - 8 scrolls of immolation
 M - a scroll of silence
 O - 2 scrolls of torment
 Q - 2 scrolls of noise
 R - 3 scrolls of enchant weapon
 X - 13 scrolls of identify
Potions
 a - 10 potions of ambrosia
 c - 2 potions of might
 e - 2 potions of heal wounds
 g - 3 potions of mutation
 m - 14 potions of curing
 n - 6 potions of flight
 r - 4 potions of cancellation
 s - 2 potions of attraction
 w - 4 potions of lignification
 A - 4 potions of haste
 B - 4 potions of invisibility
 E - a potion of brilliance
 Z - 5 potions of resistance


   Skills:
 - Level 9.7 Fighting
 - Level 11.3(11.4) Maces & Flails
 + Level 1.5(7.3) Staves
 - Level 9.6 Armour
 - Level 7.5 Dodging
 - Level 5.3 Stealth
 - Level 7.0 Shields
 + Level 11.9 Spellcasting
 + Level 10.8 Conjurations
 - Level 0.7 Transmutations
 + Level 15.5 Earth Magic
 - Level 12.1 Invocations
 + Level 8.4 Evocations


You had 4 spell levels left.
You knew the following spells:

 Your Spells              Type           Power      Damage    Failure   Level
a - Sandblast             Erth           100%       2d20      1%          1
b - Stone Arrow           Conj/Erth      100%       3d13      1%          3
c - Lehudib's Crystal Sp  Conj/Erth      38%        10d10     98%         8
e - Orb of Destruction    Conj           26%        9d9       78%         7
f - Iron Shot             Conj/Erth      38%        9d8       9%          6
x - Iskenderun's Battles  Conj           53%        2d10      4%          5
z - Lee's Rapid Deconstr  Erth           42%        3d20*     1%          5

Your spell library contained the following spells:

 Spells                   Type           Power      Damage    Failure   Level
 Magic Dart               Conj           100%       1d8       1%          1
 Passwall                 Tmut/Erth      50%        N/A       1%          2
 Momentum Strike          Conj/Tloc      66%        3d9       2%          2
 Petrify                  Tmut/Erth      61%        N/A       4%          4
 Animate Armour           Summ/Erth      100%       N/A       5%          4
 Leda's Liquefaction      Hex/Erth       29%        N/A       5%          4
 Mephitic Cloud           Conj/Pois/Air  26%        N/A       9%          3
 Flame Wave               Conj/Fire      33%        2d10      14%         4
 Sticky Flame             Conj/Fire      33%        2d5       14%         4
 Blink                    Tloc           22%        N/A       21%         2
 Call Imp                 Summ           11%        N/A       21%         2
 Ensorcelled Hibernation  Hex/Ice        22%        N/A       21%         2
 Lesser Beckoning         Tloc           22%        N/A       21%         2
 Poisonous Vapours        Pois/Air       22%        N/A       21%         2
 Ignite Poison            Fire/Tmut/Pois 12%        N/A       34%         3
 Inner Flame              Hex/Fire       11%        N/A       36%         3
 Kindle Blastsparks       Fire/Tloc/Air  22%        2d11      36%         3
 Swiftness                Air            11%        N/A       36%         3
 Tukima's Dance           Hex            11%        N/A       36%         3
 Vhi's Electric Charge    Tloc/Air       22%        N/A       36%         3
 Manifold Assault         Tloc           11%        N/A       78%         4
 Passage of Golubria      Tloc           11%        N/A       78%         4
 Irradiate                Conj/Tmut      17%        3d17      34%         5
 Arcjolt                  Conj/Air       16%        1d26      36%         5
 Fireball                 Conj/Fire      16%        3d8       36%         5
 Freezing Cloud           Conj/Ice/Air   13%        6-21      63%         5
 Conjure Ball Lightning   Conj/Air       16%        3x3d6     91%         6
 Blade Hands              Tmut           7%         N/A       95%         5
 Yara's Violent Unravell  Hex/Tmut       6%         3d5       97%         5
 Silence                  Hex/Air        5%         N/A       98%         5
 Dispersal                Tloc           5%         N/A       100%        6
 Disjunction              Tloc           5%         N/A       100%        8
 Ignition                 Fire           5%         3d4       100%        8
 Maxwell's Capacitive Co  Air            5%         ∞         100%        8
 Cigotuvi's Dreadful Rot  Necr/Pois/Air  Unusable   N/A       N/A         2
 Sublimation of Blood     Necr           Unusable   N/A       N/A         2
 Statue Form              Tmut/Erth      Unusable   N/A       N/A         6

Dungeon Overview and Level Annotations

Branches:
Dungeon (15/15)            Temple (1/1) D:6            Lair (5/5) D:11
  Swamp (0/4) Lair:3       Spider (3/4) Lair:3        Slime (0/5) Lair:4
    Orc (2/2) D:9             Elf (0/3) Orc:2        Vaults (0/5) D:14
 Depths (0/4) D:15          Sewer (visited)         Volcano (visited)
Gauntlet (visited)

Altars:
Ashenzari
Cheibriados
Dithmenos
Elyvilon
Fedhas
Gozag
Hepliaklqana
Kikubaaqudgha
Makhleb
Nemelex Xobeh
Okawaru
Qazlal
Ru
Sif Muna
Trog
Uskayaw
Vehumet
Wu Jian
Xom
Yredelemnul
Zin
The Shining One
Jiyva
Lugonu

Shops:
D:2 *   D:10 *   D:11 *![=   Orc:2 [*(:

Portals:
Abyss: D:3 Lair:5


Innate Abilities, Weirdness & Mutations

Your life essence is reduced to manifest your ancestor. (-10% HP)
You are immune to sickness and miasma.
Your stone body is resilient. (AC +12)
You are immune to poison.
Your large and strong wings let you fly.
You resist negative energy. (rN+)
You are resistant to electric shocks. (rElec)
You are resistant to unholy torment.
You are immune to petrification.


Message History

The ghost moth stings you but does no damage.
The orb spider weaves a glowing orb of energy.
An orb of destruction comes into view.
The ghost moth attacks as you move away!
The ghost moth hits you but does no damage.
The ghost moth hits you.
The ghost moth stings you but does no damage.
The orb spider begins to weave its threads into a brightly glowing ball.
The ghost moth stares at you.
You feel your power leaking away.
The orb of destruction hits the ghost moth!!!
The ghost moth is blown up!
The moth of wrath attacks as you move away!
You block the moth of wrath's attack.
The moth of wrath attacks as you move away!
The moth of wrath bites you but does no damage.
You feel yourself speed up. The moth of wrath barely misses you.
The orb spider weaves a glowing orb of energy.
An orb of destruction comes into view.
You are too injured to fight recklessly!
Aiming: Stone Arrow (safe; 1% risk of failure)
Press: ? - help, Q - select action, (/) - cycle Shift-Dir - straight line, f - moth of wrath
Aim: a moth of wrath (lightly wounded, 78% to hit)
You feel a surge of power!
The stone arrow hits the moth of wrath!!
The moth of wrath is heavily wounded.
The moth of wrath bites you but does no damage.
Being near the torpor snail leaves you feeling lethargic.
You closely miss the moth of wrath.
The moth of wrath is heavily wounded.
The moth of wrath barely misses you.
The moth of wrath attacks as you move away!
You block the moth of wrath's attack.
You feel yourself speed up. The orb of destruction hits you!!!
* * * LOW HITPOINT WARNING * * *
Being near the torpor snail leaves you feeling lethargic.
The moth of wrath bites you!
You die...

...### ##...........#
#.##... ^#.##
####.#####.......#####.."..
###.###...##
##........###.#...
###......##
##.......##.^#...
........## ##.......#..#...
...(.###^# ##........##...
...### #^# ##............
##.# ... #### ##..........#
### ### #@○## ###....##..#
##y.###.##..#.#### #.○...#
#.^##.# ####..○..# #[## ###
#.....°.#.##.####.##
#.....s°# #.##.s...#
#.......°###^#.......
#.........w#..........
#..^......(R...wR.....


You could see a torpor snail, a moth of wrath and an orb spider.

Vanquished Creatures
  Gastronok (D:9)
  3 tentacled starspawn (Abyss:2)
  An emperor scorpion (Spider:2)
  A ghost moth (Spider:1)
  A broodmother (Spider:3)
  An orc warlord (Orc:2)
  The ghost of SirDiesAlot the Thaumaturge, a journeyman DsVM of Gozag (Lair:1)
  A very ugly thing (Abyss:2)
  A bunyip (shapeshifter) (Gauntlet)
  2 minotaurs
  2 entropy weavers
  An ettin (Orc:2)
  3 hydras
  A rakshasa (Abyss:2)
  4 vault guards (D:14)
  An ogre mage (D:15)
  A jorogumo (Spider:3)
  4 centaur warriors
  3 boulder beetles
  2 catoblepae
  4 two-headed ogres
  A thrashing horror (Lair:5)
  2 death yaks (Lair:4)
  An orc high priest (Orc:2)
  A sun demon (Volcano)
  A fire crab (Lair:4)
  A wretched star (Abyss:2)
  2 skeletal warriors (D:15)
  A pharaoh ant (Spider:1)
  A sixfirhy (Abyss:2)
  An obsidian statue (D:10)
  A phantasmal warrior (D:15)
  4 deep elf pyromancers
  3 orb spiders
  A necromancer (D:15)
  7 wolf spiders
  5 orc knights
  3 steelbarb worms (Spider:2)
  A salamander (shapeshifter) (Lair:5)
  4 manticores
  2 ugly things
  7 orc sorcerers
  4 cyclopes
  2 worldbinders (Abyss:2)
  A moth of wrath (Spider:2)
  5 black mambas
  6 elephants
  A water nymph (shapeshifter) (Gauntlet)
  3 smoke demons
  7 cane toads
  2 demonic crawlers
  An orange demon (Lair:2)
  A cane toad (shapeshifter) (D:13)
  3 torpor snails
  A gargoyle (D:9)
  4 komodo dragons
  A rime drake (Lair:1)
  3 ancient zymes
  An efreet (D:15)
  4 red devils
  6 trolls
  7 meliai
  2 polar bears
  8 tarantellas
  16 blink frogs
  Grinder (D:3)
  A meliai (shapeshifter) (D:13)
  3 raiju (Abyss:2)
  16 dream sheep
  8 culicivoras
  9 slime creatures
  2 shadows (D:9)
  50 yaks
  2 wyverns
  8 jumping spiders
  3 vampires
  A ynoxinul (Abyss:2)
  15 small abominations
  4 basilisks
  The ghost of juan097 the Insei, an amateur MeTm (D:3)
  A steam dragon (D:7)
  2 chaos spawn (Lair:5)
  Menkaure (D:5)
  5 vampire mosquitoes
  7 large abominations
  17 redbacks
  4 wargs
  5 acid dragons
  A hell hound (Abyss:2)
  10 water moccasins
  18 orc warriors
  3 sky beasts
  An ice beast (D:6)
  2 black bears
  13 ogres
  21 wolves
  5 centaurs
  A phantom (D:6)
  4 kobold brigands
  6 bullfrogs
  A scorpion (D:6)
  4 wights (D:8)
  21 killer bees
  6 howler monkeys
  3 electric eels (D:10)
  11 orc priests
  A quasit (Abyss:2)
  8 hounds
  Crazy Yiuf (D:3)
  2 gnoll boudas (D:7)
  4 jellies
  3 starcursed masses (Abyss:2)
  4 iguanas
  Ijyb (D:4)
  A sleepcap (D:8)
  14 orc wizards
  2 hell rats (Lair:3)
  5 ogre zombies (D:9)
  Robin (D:3)
  6 gnolls
  17 adders
  A shadow imp (Abyss:2)
  A white imp (Abyss:2)
  An ufetubus (D:5)
  3 dart slugs
  3 worms
  49 orcs
  6 endoplasms
  3 giant cockroaches
  8 goblins
  5 hobgoblins
  3 jackals (D:1)
  10 kobolds
  3 quokkas
  9 ball pythons
  2 bats
  4 frilled lizards (D:3)
  3 goblin zombies (D:9)
  A hobgoblin zombie (D:9)
  3 orc skeletons (D:9)
  9 orc zombies (D:9)
  10 rats
682 creatures vanquished.

Vanquished Creatures (collateral kills)
  Rupert (D:15)
  An orc warlord (Orc:1)
  An entropy weaver (Gauntlet)
  4 vault guards (D:14)
  2 hydras
  A radroach (Spider:2)
  A boulder beetle (D:14)
  2 tengu warriors (D:14)
  A thrashing horror (Lair:5)
  A shock serpent (shapeshifter) (Gauntlet)
  Sonja (Orc:1)
  Amaemon (Lair:2)
  A pharaoh ant (Spider:1)
  An orc knight (Orc:2)
  3 wolf spiders
  2 ugly things
  A deep elf pyromancer (D:15)
  A fire giant zombie (D:15)
  An elephant (Lair:4)
  A stone giant skeleton (D:15)
  2 black mambas
  A smoke demon (Lair:5)
  An orange demon (Orc:2)
  4 cane toads
  A rime drake (Lair:5)
  An unseen horror (D:12)
  A kobold demonologist (D:11)
  An ancient zyme (Lair:5)
  A komodo dragon (Lair:3)
  3 red devils (D:13)
  A polar bear (Lair:2)
  3 trolls
  A queen bee (Spider:2)
  2 meliai (D:14)
  A tarantella (Spider:1)
  2 ettin zombies (D:15)
  7 dream sheep
  5 blink frogs
  3 slime creatures (D:15)
  4 jumping spiders (Spider:1)
  2 culicivoras
  2 vampires
  A ynoxinul (Lair:5)
  28 yaks
  A wyvern (D:6)
  3 basilisks
  A wraith (D:10)
  9 small abominations
  4 redbacks
  A vampire mosquito (D:12)
  An ice beast (D:6)
  9 orc warriors
  A black bear (Lair:3)
  2 ogres
  6 wolves
  5 centaurs
  A phantom (D:9)
  14 killer bees
  5 orc priests
  An iguana (D:7)
  9 orc wizards
  3 hell rats (Lair:3)
  An ogre zombie (D:9)
  A gnoll (D:7)
  3 white imps
  25 orcs
  A goblin zombie (D:9)
  An orc skeleton (D:9)
  An orc zombie (D:9)
215 creatures vanquished.

Vanquished Creatures (others)
  A ghost moth (Spider:3)
  A jumping spider (Spider:3)
  11 knights
  A quokka (D:11)
  28 fungi
  127 plants
  9 starspawn tentacles (Abyss:2)
  9 withered plants (D:15)
187 creatures vanquished.

Grand Total: 1084 creatures vanquished

Notes
Turn   | Place    | Note
-------+----------+-------------------------------------------
     0 | D:1      | cheesebisquit the Gargoyle Earth Elementalist began the
                  | quest for the Orb.
     0 | D:1      | Reached XP level 1. HP: 10/10 MP: 3/3
     3 | D:1      | Noticed an electric eel
     4 | D:1      | Noticed an electric eel
   114 | D:1      | Reached XP level 2. HP: 15/15 MP: 0/5
   121 | D:1      | Reached skill level 4 in Earth Magic
   751 | D:1      | Found a faded altar of an unknown god.
  1160 | D:2      | Reached XP level 3. HP: 19/19 MP: 1/7
  1338 | D:2      | Found a hazy altar of Hepliaklqana.
  1644 | D:2      | Found Nuffaifu's Assorted Antiques.
  1718 | D:2      | Reached XP level 4. HP: 24/24 MP: 4/8
  2217 | D:2      | Became a worshipper of Hepliaklqana the Forgotten
  2334 | D:3      | Noticed Grinder
  2349 | D:3      | Paralysed by Grinder for 3 turns
  2352 | D:3      | Killed Grinder
  2353 | D:3      | Reached skill level 6 in Earth Magic
  2353 | D:3      | Reached XP level 5. HP: 13/28 MP: 1/11
  2353 | D:3      | Reached XP level 6. HP: 15/32 MP: 1/12
  2357 | D:3      | Learned a level 3 spell: Stone Arrow
  2484 | D:3      | Found a transporter.
  2769 | D:3      | Found a runed translucent door.
  2770 | D:3      | Noticed Crazy Yiuf
  2866 | D:3      | Found a one-way gate to the infinite horrors of the Abyss.
  2866 | D:3      | Noticed juan097's ghost (amateur MeTm)
  2873 | D:3      | Found a transporter.
  2897 | D:3      | Noticed a small abomination
  2904 | D:3      | Noticed a small abomination
  2978 | D:3      | Noticed Robin
  3016 | D:3      | Killed Robin
  3519 | D:4      | Noticed Ijyb
  3523 | D:4      | Killed Ijyb
  3524 | D:4      | Noticed a black bear
  3529 | D:4      | Killed a black bear
  3530 | D:4      | Reached skill level 7 in Earth Magic
  3530 | D:4      | Reached skill level 1 in Invocations
  3530 | D:4      | Reached XP level 7. HP: 36/36 MP: 8/14
  3632 | D:4      | Found a glowing drain.
  3644 | Sewer    | Entered a sewer
  3751 | Sewer    | Reached skill level 5 in Spellcasting
  4338 | D:2      | Bought a cloak for 94 gold pieces
  4473 | D:4      | Reached XP level 8. HP: 35/41 MP: 11/16
  4499 | D:4      | Reached skill level 8 in Earth Magic
  4794 | D:4      | Found a blossoming altar of Fedhas.
  4797 | D:4      | Found a bloodstained altar of Trog.
  4798 | D:4      | Found an ancient bone altar of Kikubaaqudgha.
  4798 | D:4      | Found a shimmering blue altar of Sif Muna.
  4803 | D:4      | Found a shadowy altar of Dithmenos.
  4853 | D:5      | Entered Level 5 of the Dungeon
  4878 | D:5      | Reached * piety under Hepliaklqana
  5062 | D:5      | Noticed Menkaure
  5066 | D:5      | Killed Menkaure
  5129 | D:5      | Reached skill level 5 in Invocations
  5256 | D:5      | Reached skill level 9 in Earth Magic
  5359 | D:5      | Reached XP level 9. HP: 30/40 MP: 15/18
  5519 | D:5      | Found a glowing silver altar of Zin.
  5702 | D:6      | Reached ** piety under Hepliaklqana
  5703 | D:6      | Remembered your ancestor Junktruck as a knight
  5775 | D:6      | Found a staircase to the Ecumenical Temple.
  6159 | D:6      | Reached skill level 10 in Earth Magic
  8126 | D:7      | Reached skill level 1 in Armour
  8126 | D:7      | Reached XP level 10. HP: 41/45 MP: 5/21
  8128 | D:7      | Reached skill level 1 in Fighting
  8128 | D:7      | Reached skill level 1 in Conjurations
  8268 | D:7      | Reached skill level 1 in Maces & Flails
  8268 | D:7      | Reached skill level 1 in Evocations
  8609 | D:3      | Killed Crazy Yiuf
  8752 | D:3      | Killed juan097's ghost
  8950 | D:2      | Bought a scroll labelled SUOSHUIDUR for 21 gold pieces
  8950 | D:2      | Bought a scroll of teleportation for 63 gold pieces
  8950 | D:2      | Bought a potion of heal wounds for 105 gold pieces
  9044 | Temple   | Entered the Ecumenical Temple
  9442 | D:8      | Found a snail-covered altar of Cheibriados.
 10132 | D:8      | You fall into a shaft and drop 1 floor!
 10170 | D:9      | Reached skill level 11 in Earth Magic
 10238 | D:9      | Noticed a cyclops
 10245 | D:9      | Killed a cyclops
 10373 | D:9      | Noticed a gargoyle
 10379 | D:9      | Killed a gargoyle
 10538 | D:9      | Noticed Gastronok
 10547 | D:9      | Killed Gastronok
 10548 | D:9      | Reached XP level 11. HP: 54/54 MP: 5/23
 10704 | D:9      | Reached *** piety under Hepliaklqana
 10983 | D:9      | Identified the +3 pair of boots "Ekhlytoc" {rF+ rCorr}
 11152 | D:9      | Found a staircase to the Orcish Mines.
 11167 | D:9      | Identified the +8 falchion of the Shrinking Blowfly {heavy,
                  | rElec Will+}
 12000 | D:10     | Entered Level 10 of the Dungeon
 12478 | D:10     | Noticed a cyclops
 12485 | D:10     | Killed a cyclops
 12705 | D:10     | Found Otomiany's Assorted Antiques.
 12708 | D:10     | Bought a bone ring for 125 gold pieces
 12708 | D:10     | Bought a scroll labelled UDIXTU BIYC LAQI for 25 gold
                  | pieces
 12708 | D:10     | Bought a fizzy blue potion for 22 gold pieces
 13037 | D:10     | Noticed an obsidian statue
 13038 | D:10     | Found the +2 hat of the Bear Spirit {Spirit, Bear, *Rage
                  | Will++}
 13057 | D:10     | Noticed a sun demon
 13057 | D:10     | Killed an obsidian statue
 13174 | D:11     | Found Paapar's Antique Armour Shoppe.
 13242 | D:11     | Found a white marble altar of Elyvilon.
 13313 | D:11     | Reached **** piety under Hepliaklqana
 13530 | D:11     | Noticed a two-headed ogre
 13538 | D:11     | Killed a two-headed ogre
 13638 | D:11     | Found a staircase to the Lair.
 13735 | D:11     | Found Ikleps's General Store.
 13735 | D:11     | Noticed a cyclops
 13738 | D:11     | Killed a cyclops
 13834 | D:11     | Noticed a manticore
 13838 | D:11     | Killed a manticore
 14064 | D:11     | Noticed a cyclops
 14071 | D:11     | Killed a cyclops
 14140 | D:11     | Found Soaf's Jewellery Emporium.
 14244 | D:11     | Found Ceptosug's Distillery.
 14280 | D:11     | Bought a potion of heal wounds for 70 gold pieces
 14526 | D:12     | Noticed a deep elf pyromancer
 14529 | D:12     | Reached XP level 12. HP: 60/60 MP: 20/24
 14815 | D:12     | Reached skill level 5 in Fighting
 14815 | D:12     | Reached skill level 5 in Armour
 14815 | D:12     | Reached skill level 5 in Conjurations
 14863 | D:12     | Learned a level 8 spell: Lehudib's Crystal Spear
 15064 | D:12     | Learned a level 5 spell: Iskenderun's Battlesphere
 15072 | D:12     | Learned a level 7 spell: Orb of Destruction
 15276 | D:12     | Reached skill level 12 in Earth Magic
 15672 | Lair:1   | Entered Level 1 of the Lair of Beasts
 15933 | Lair:1   | Found a runed translucent gate.
 15933 | Lair:1   | Found a runed translucent gate.
 15933 | Lair:1   | Found a runed translucent gate.
 15934 | Lair:1   | Noticed a minotaur
 15936 | Lair:1   | Noticed SirDiesAlot's ghost (journeyman DsVM)
 16516 | Lair:1   | Reached ***** piety under Hepliaklqana
 16659 | Lair:1   | Reached skill level 5 in Maces & Flails
 17194 | Lair:1   | Killed a minotaur
 17208 | Lair:1   | Killed SirDiesAlot's ghost
 17431 | Lair:2   | Reached skill level 5 in Evocations
 17442 | Lair:2   | Reached XP level 13. HP: 65/66 MP: 0/26
 17675 | Lair:2   | Reached skill level 5 in Dodging
 18111 | Lair:2   | Noticed Amaemon
 18119 | Lair:2   | Killed Amaemon
 18963 | D:11     | Bought a +1 buckler of protection for 165 gold pieces
 19486 | Lair:3   | Reached skill level 1 in Shields
 19924 | Lair:3   | Reached skill level 10 in Invocations
 19930 | Lair:3   | Found a staircase to the Swamp.
 20432 | Lair:3   | Found a hole to the Spider Nest.
 20973 | Lair:4   | Reached skill level 13 in Earth Magic
 21454 | Lair:4   | Found a dark tunnel.
 21460 | Volcano  | Entered a volcano
 21514 | Volcano  | Gained mutation: Your large and strong wings let you fly.
                  | [Gargoyle growth]
 21514 | Volcano  | Reached XP level 14. HP: 73/73 MP: 21/27
 21825 | Volcano  | Reached skill level 10 in Spellcasting
 22593 | Lair:4   | Found a viscous altar of Jiyva.
 22593 | Lair:4   | Found a staircase to the Slime Pits.
 23675 | D:10     | Bought a thick platinum amulet for 125 gold pieces
 23854 | Lair:5   | Entered Level 5 of the Lair of Beasts
 24293 | Lair:5   | Found a gate leading to a gauntlet.
 24302 | Gauntlet | Entered a Gauntlet
 24302 | Gauntlet | Found a transporter.
 24302 | Gauntlet | Found a transporter.
 24302 | Gauntlet | Found a runed translucent gate.
 24308 | Gauntlet | Found a transporter.
 24310 | Gauntlet | Found a runed translucent gate.
 24310 | Gauntlet | Found a runed translucent gate.
 24321 | Gauntlet | Found a transporter.
 24339 | Gauntlet | Found a transporter.
 24339 | Gauntlet | Found a transporter.
 24339 | Gauntlet | Found a transporter.
 24342 | Gauntlet | Found a transporter.
 24342 | Gauntlet | Found a transporter.
 24354 | Gauntlet | Found a transporter.
 24372 | Gauntlet | Found a transporter.
 24382 | Gauntlet | Found a transporter.
 24397 | Gauntlet | Found a transporter.
 24417 | Gauntlet | Found a transporter.
 24939 | Gauntlet | Identified the +2 pair of boots of Huonoir {Drain rElec rC-
                  | Will++}
 24975 | Gauntlet | Identified the +9 quarterstaff of Stickiness {flame,
                  | *Corrode rC+ Dex+2}
 25224 | Lair:5   | Reached XP level 15. HP: 79/79 MP: 1/29
 26273 | Lair:5   | Reached skill level 5 in Shields
 27061 | Lair:5   | Found a corrupted altar of Lugonu.
 27511 | Orc:1    | Entered Level 1 of the Orcish Mines
 27793 | Orc:1    | Found a burning altar of Makhleb.
 27801 | Orc:1    | Noticed an orc warlord
 27824 | Orc:1    | Killed an orc warlord
 28069 | Orc:1    | Noticed Sonja
 28079 | Orc:1    | Killed Sonja
 28554 | Orc:1    | Reached skill level 14 in Earth Magic
 28960 | Orc:2    | Entered Level 2 of the Orcish Mines
 29614 | Orc:2    | Paralysed by an orc sorcerer for 5 turns
 29972 | Orc:2    | Paralysed by an orc sorcerer for 4 turns
 30349 | Orc:2    | Reached skill level 10 in Maces & Flails
 30831 | Orc:2    | Noticed an orc warlord
 31155 | Orc:2    | Killed an orc warlord
 31734 | Orc:2    | Found Luurch's Antique Weapon Shop.
 31855 | Orc:2    | Found Ycew's General Store.
 31920 | Orc:2    | Found a staircase to the Elven Halls.
 31977 | Orc:2    | Found Ucitono's Book Shop.
 31991 | Orc:2    | Found Xeras's Antique Armour Shop.
 32148 | Orc:2    | Bought a book of Iron for 432 gold pieces
 32155 | Orc:2    | Learned a level 6 spell: Iron Shot
 32155 | Abyss:2  | Cast into level 2 of the Abyss (unwielding a weapon of
                  | distortion)
 32157 | Abyss:2  | Found a corrupted altar of Lugonu.
 32214 | Abyss:2  | Noticed a tentacled starspawn
 32273 | Abyss:2  | Noticed an angel
 32403 | Abyss:2  | Noticed a tentacled starspawn
 32431 | Abyss:2  | Killed a tentacled starspawn
 32621 | Abyss:2  | Noticed a dread lich
 32623 | Abyss:2  | Noticed a lich
 32638 | Abyss:2  | HP: 1/80 [lich/bolt of cold (42)]
 32709 | Abyss:2  | Noticed a tentacled starspawn
 32723 | Abyss:2  | Killed a tentacled starspawn
 33106 | Abyss:2  | Noticed a tentacled starspawn
 33179 | Abyss:2  | Paralysed by a great orb of eyes for 5 turns
 33240 | Abyss:2  | Found a corrupted altar of Lugonu.
 33263 | Abyss:2  | Noticed a tentacled starspawn
 33275 | Abyss:2  | Killed a tentacled starspawn
 33276 | Abyss:2  | Reached XP level 16. HP: 45/85 MP: 0/30
 33548 | Abyss:2  | Reached skill level 5 in Stealth
 33550 | Orc:2    | Escaped the Abyss
 33698 | Orc:2    | Bought a scroll of enchant weapon for 120 gold pieces
 33827 | D:10     | Bought a scroll of enchant weapon for 187 gold pieces
 34080 | D:13     | Reached ****** piety under Hepliaklqana
 34847 | Orc:2    | Bought a book of the Earth for 432 gold pieces
 34853 | Orc:2    | Learned a level 5 spell: Lee's Rapid Deconstruction
 36403 | D:14     | Found an ornate altar of the Wu Jian Council.
 36468 | D:14     | Found a gate to the Vaults.
 36839 | D:15     | Entered Level 15 of the Dungeon
 37062 | D:15     | Noticed Rupert
 37084 | D:15     | Killed Rupert
 37660 | D:15     | Found a staircase to the Depths.
 38182 | D:15     | Found a shadowy altar of Dithmenos.
 38666 | Spider:1 | Entered Level 1 of the Spider Nest
 39736 | Spider:1 | Reached skill level 10 in Conjurations
 39825 | Spider:1 | Reached XP level 17. HP: 78/90 MP: 17/32
 40354 | Spider:2 | Reached skill level 15 in Earth Magic
 42912 | Spider:3 | Reached skill level 1 in Staves
 43413 | Spider:3 | HP: 1/90 [disintegration[a torpor snail] (42)]
 43413 | Spider:3 | Mangled by a moth of wrath

Illustrated notes

Levels and vault maps discovered:
D:1:      arrival_aquarium_b, layout_basic,
          dreamdust_ecumenical_altar_angels_and_demons
D:2:      layout_basic, serial_shops, shop, basic_altar, minivault_5
D:3:      layout_basic, gammafunk_ghost_abyssal_escape, minmay_crystal_room,
          uniq_grinder, uniq_crazy_yiuf_cottage, uniq_robin
D:4:      layout_rooms, minitemple, cheibrodos_sewer_entry_bend, uniq_ijyb
D:5:      layout_loops_cross, zin_scriptorium, hex_large, uniq_menkaure
D:6:      layout_basic, minmay_temple_entry_large_hall
D:7:      layout_loops_corners, minmay_misc_feat_x, serial_bayou_pond_b,
          minmay_manual_mullet
D:8:      layout_loops_ring, cheibriados_altar_1,
          hangedman_abyss_or_decor_lesser_grid, abandoned_shop,
          hangedman_abyss_or_decor_stagger
D:9:      layout_roguey, zombieorc1_lemuel, uniq_gastronok
D:10:     statuecave_lemuel, layout_basic, serial_shops, kennysheep_mini
D:11:     layout_roguey, david_lair_shrubbed, serial_shops,
          nicolae_shop_temple_entry_statues_fountains, shop_statue,
          nicolae_shop_behind_doors, nicolae_shop_statue_plus, elyvilon_altar_4
D:12:     layout_basic
D:13:     layout_long_grid, einodemon_armed_red_devil_minivault
D:14:     layout_rooms, erik_vaults_2, lemuel_crystal_altar, chequers_jeans
D:15:     gammafunk_depths_entry_grave, layout_stronghold, minivault_24,
          nicolae_dithmenos_the_darkroom, uniq_rupert
Temple:   minmay_freezing_vapour_temple
Lair:1:   layout_cave_pods, maelrawn_ghost_gauntlet_escape,
          hangedman_lair_unloving_vines
Lair:2:   layout_gridlike, serial_bayou_shore_a, uniq_amaemon
Lair:3:   layout_roguey, swamp_mist, nicolae_spider_entry_tight_spaces
Lair:4:   nzn_winding_woodlands_large [nzn_winding_woodlands_5x5_closed_star,
          nzn_winding_woodlands_5x15_longhouse,
          nzn_winding_woodlands_5x5_open_star,
          nzn_winding_woodlands_center_pierced_h,
          nzn_winding_woodlands_15x15_killbox,
          nzn_winding_woodlands_center_garden,
          nzn_winding_woodlands_5x5_checkerboard,
          nzn_winding_woodlands_5x15_split_checker,
          nzn_winding_woodlands_5x5_three], layout_gridlike, slime_entry_1,
          enter_volcano_1, small_statue_intersection
Lair:5:   hellmonk_lair_end_abyssal_woods, layout_cave_pods,
          gauntlet_entry_generic, chequers_serial_rivers_room_b,
          lemuel_fruit_tree
Spider:1: layout_spider_delve
Spider:2: layout_cave_pods, special_room [special_room_bee]
Spider:3: layout_chambers, nicolae_spider_scorpion_nest
Orc:1:    layout_caves, basic_altar, uniq_sonja
Orc:2:    grunt_orc_cross, layout_diamond_mine

Skill      XL: |  1  2  3  4  5  6  7  8  9 10 11 12 13 14 15 16 17 |
---------------+----------------------------------------------------+-----
Earth Magic    | 4 6 7 9 10 11 12 13 14 15 | 15.5
Spellcasting   | 3 4 5 6 7 8 9 10 11 | 11.9
Invocations    | 1 3 5 7 8 9 10 11 12 | 12.1
Armour         | 1 3 4 6 7 8 9 |  9.6
Fighting       | 3 4 6 7 8 9 |  9.7
Conjurations   | 3 4 6 7 8 9 10 | 10.8
Maces & Flails | 3 4 5 7 9 10 11 | 11.3
Dodging        | 3 4 5 6 7 |  7.5
Evocations     | 2 3 5 6 7 8 |  8.4
Shields        | 2 4 6 7 |  7.0
Stealth        | 4 5 |  5.3
Staves         | 1 |  1.5
Transmutations | |  0.7

Action                     |  1- 3 |  4- 6 |  7- 9 | 10-12 | 13-15 | 16-18 || total
---------------------------+-------+-------+-------+-------+-------+-------++-------
  Melee: Unarmed           |     4 |       |       |       |       |       ||     4
         Mace              |       |       |       |    70 |   268 |       ||   338
         Punch             |       |       |       |       |     1 |       ||     1
         Morningstar       |       |       |       |       |    63 |   100 ||   163
         Staff             |       |       |       |       |       |     5 ||     5
  Throw: Dart              |       |     4 |    31 |     4 |       |       ||    39
   Cast: Sandblast         |    41 |    61 |   128 |       |       |       ||   230
         Stone Arrow       |       |       |    44 |   286 |   738 |   383 ||  1451
         Lee's Rapid Decon |       |       |       |       |       |     2 ||     2
         Iskenderun's Batt |       |       |       |       |       |     6 ||     6
         Iron Shot         |       |       |       |       |       |     1 ||     1
 Invoke: Ancestor Identity |       |       |     3 |       |       |       ||     3
         Recall Ancestor   |       |       |     1 |     1 |     3 |     1 ||     6
         Ancestor Life: Kn |       |       |     1 |       |       |       ||     1
         Transference      |       |       |       |       |     3 |     1 ||     4
         Idealise          |       |       |       |       |     2 |     4 ||     6
    Use: Potion            |       |     1 |     2 |     8 |    23 |     5 ||    39
         Scroll            |       |     1 |     8 |    18 |    13 |    12 ||    52
   Stab: Distracted        |       |       |       |       |     5 |       ||     5
 Armour: Robe              |     7 |     6 |       |       |       |       ||    13
         Leather armour    |       |       |    30 |    11 |       |       ||    41
         Ring mail         |       |       |       |    92 |   454 |   208 ||   754
  Dodge: Dodged            |    13 |    12 |    22 |   121 |   357 |   146 ||   671
  Block: Buckler           |       |       |       |       |   178 |   142 ||   320

Table legend: (Time is in decaauts)
 A = Elapsed time spent in this place.
 B = Non-inter-level travel time spent in this place.
 C = Inter-level travel time spent in this place.
 D = Time resting spent in this place.
 E = Time spent auto-exploring this place.
 F = Levels seen in this place.
 G = Mean time per level.
                   A        B        C        D        E       F      G
               +--------+--------+--------+--------+--------+-----+--------+
         Total |  43626 |  40457 |   3169 |   8321 |  26454 |  30 | 1454.2 |
       Dungeon |  20284 |  18524 |   1760 |   1909 |  14358 |  15 | 1352.3 |
        Temple |     15 |     11 |      4 |      0 |     10 |   1 |   15.0 |
          Lair |  10282 |   9357 |    925 |   1044 |   6794 |   5 | 2056.4 |
   Spider Nest |   4755 |   4613 |    142 |   1617 |   2486 |   3 | 1585.0 |
  Orcish Mines |   4987 |   4650 |    337 |   2963 |   1239 |   2 | 2493.5 |
         Abyss |   1374 |   1374 |      0 |    654 |    151 |   1 | 1374.0 |
         Sewer |    606 |    606 |      0 |      0 |    449 |   1 |  606.0 |
       Volcano |    537 |    537 |      0 |      0 |    458 |   1 |  537.0 |
      Gauntlet |    782 |    782 |      0 |    133 |    507 |   1 |  782.0 |
               +--------+--------+--------+--------+--------+-----+--------+

Top non-repeatable levels by time:
   Orc:2: 2953 daAuts
  Lair:5: 2688 daAuts
Spider:2: 2125 daAuts
  Lair:3: 2075 daAuts
  Lair:1: 2061 daAuts
     D:9: 2046 daAuts
   Orc:1: 2033 daAuts
     D:7: 2002 daAuts
Spider:1: 1892 daAuts
     D:3: 1851 daAuts
  Lair:4: 1750 daAuts
  Lair:2: 1707 daAuts
    D:15: 1636 daAuts
    D:11: 1624 daAuts
    D:13: 1399 daAuts
